 Dungeon Crawl Stone Soup version 0.25-a0-697-g890751e744 (webtiles) character file.

Game seed: 5676375106794132423, levelgen mode: deterministic

66867 Mgcat the Severer (level 14, -1/135 HPs)
             Began as a Minotaur Wanderer on Apr 1, 2020.
             Was a High Priest of Okawaru.
             Slain by an orc knight
             ... wielding a +0 broad axe
              (11 damage)
             ... while paralysed by an orc sorcerer
             ... on level 2 of the Orcish Mines.
             The game lasted 00:52:12 (22851 turns).

Mgcat the Severer (Minotaur Wanderer)              Turns: 22851, Time: 00:52:13

Health: -1/135     AC: 23    Str: 22    XL:     14   Next: 80%
Magic:  0/18       EV:  2    Int:  9    God:    Okawaru [*****.]
Gold:   1153       SH:  0    Dex: 13    Spells: 13/13 levels left

rFire    + . .     SeeInvis .   U - +7 broad axe of Hell's Wrath {vorpal, rC+}
rCold    + + .     Gourm    .   o - +0 kite shield
rNeg     . . .     Faith    .   a - +2 gold dragon scales
rPois    +         Spirit   +   (helmet unavailable)
rElec    .         Reflect  .   L - scarf {cloud immunity}
rCorr    .         Harm     .   Y - +1 pair of gloves {Str+3}
MR       +....                  F - +0 pair of boots
Stlth    ..........             W - amulet of guardian spirit {Spirit}
HPRegen  0.32/turn              N - +2 ring of protection
MPRegen  0.16/turn              X - +5 ring of evasion

@: paralysed, finesse, studying Shields, drained
A: retaliatory headbutt, hooves 1, horns 3
a: Heroism, Finesse, Renounce Religion


You were on level 2 of the Orcish Mines.
You worshipped Okawaru.
Okawaru was extremely pleased with you.
You were not hungry.

You visited 3 branches of the dungeon, and saw 19 of its levels.
You also visited: Sewer.

You collected 1998 gold pieces.
You spent 845 gold pieces at shops.

Inventory:

Hand Weapons
 h - a +2 war axe of flaming
   (You took it off an orc on level 5 of the Dungeon)
 U - the +7 broad axe of Hell's Wrath (weapon) {vorpal, rC+}
   (You found it on level 3 of the Lair of Beasts)

   It inflicts extra damage upon your enemies.
   It protects you from cold.
Missiles
 p - 6 javelins
 G - 22 boomerangs (quivered)
 S - 3 boomerangs of dispersal {=f}
 T - 12 silver javelins
Armour
 a - +2 gold dragon scales (worn)
   (You bought it in a shop on level 5 of the Dungeon)
 k - a +0 cloak
   (You took it off Crazy Yiuf on level 4 of the Dungeon)
 o - a +0 kite shield (worn)
   (You took it off Donald on level 2 of the Orcish Mines)
 F - a +0 pair of boots (worn)
   (You found it on level 8 of the Dungeon)
 L - a scarf of cloud immunity (worn)
   (You found it on level 11 of the Dungeon)
 Y - a +1 pair of gloves of strength (worn)
   (Okawaru gifted it to you on level 6 of the Lair of Beasts)
Jewellery
 d - an uncursed ring of positive energy {rN+}
   (You found it on level 4 of the Dungeon)
 w - an uncursed ring of protection from cold {rC+, !d}
   (You found it on level 4 of the Dungeon)
 H - an uncursed ring of protection from magic {MR+, !d}
   (You found it on level 8 of the Dungeon)
 N - a +2 ring of protection (left hand)
   (You found it on level 1 of the Lair of Beasts)
 W - an amulet of guardian spirit (around neck) {Spirit}
   (You found it on level 6 of the Lair of Beasts)
 X - a +5 ring of evasion (right hand)
   (You found it on level 6 of the Lair of Beasts)
Wands
 g - a wand of iceblast (13)
   (You found it on level 3 of the Dungeon)
 j - a wand of polymorph (10)
   (You took it off an orc wizard on level 9 of the Dungeon)
 y - a wand of digging (4)
   (You found it on level 6 of the Dungeon)
 I - a wand of paralysis (16)
   (You found it on level 10 of the Dungeon)
 K - a wand of disintegration (17)
   (You took it off an orc priest on level 10 of the Dungeon)
 O - a wand of acid (19)
   (You found it on level 1 of the Lair of Beasts)
Scrolls
 c - 8 scrolls of teleportation
 e - 9 scrolls of identify
 l - 12 scrolls of remove curse
 C - a scroll of enchant weapon
 D - 3 scrolls of fog
 J - 2 scrolls of fear
 Q - 2 scrolls of blinking {!r}
 R - a scroll of magic mapping {!r}
Potions
 b - 7 potions of curing
 i - 4 potions of brilliance
 n - 4 potions of might
 q - 2 potions of cancellation
 r - a potion of resistance
 s - 4 potions of magic
 t - 2 potions of mutation {!q}
 u - 2 potions of haste
 v - 2 potions of flight
 x - a potion of ambrosia
 z - 2 potions of heal wounds
 A - a potion of berserk rage {!q}
 E - 2 potions of lignification {!q}
Books
 P - a manual of Shields {!d}
   (You found it on level 6 of the Lair of Beasts)
Miscellaneous
 m - a lightning rod (4/4)
   (You found it on level 6 of the Lair of Beasts)
Comestibles
 f - 35 rations
 B - a chunk of flesh {@w0}


   Skills:
 + Level 15.3(14.0) Fighting
   Level 2.4(1.4) Long Blades
 * Level 18.4(17.1) Axes
   Level 2.4(11.4) Maces & Flails
 + Level 10.2(9.0) Throwing
 + Level 8.7(7.6) Armour
 - Level 3.0(2.0) Dodging
 - Level 1.5(0.6) Stealth
 + Level 8.1(7.0) Shields
 + Level 6.9(5.8) Invocations
 - Level 3.1(2.1) Evocations


You had 13 spell levels left.
You didn't know any spells.
Your spell library contained the following spells:

 Spells                   Type           Power        Failure   Level  Hunger
 Animate Skeleton         Necr           N/A          100%        1    ##.....
 Apportation              Tloc           #.....       100%        1    ##.....
 Beastly Appendage        Tmut           #.....       100%        1    ##.....
 Corona                   Hex            #......      100%        1    ##.....
 Magic Dart               Conj           #...         100%        1    ##.....
 Summon Small Mammal      Summ           #...         100%        1    ##.....
 Blink                    Tloc           N/A          100%        2    ###....
 Call Imp                 Summ           #.......     100%        2    ###....
 Ensorcelled Hibernation  Hex/Ice        #.....       100%        2    ###....
 Searing Ray              Conj           #.....       100%        2    ###....
 Slow                     Hex            #.......     100%        2    ###....
 Sticks to Snakes         Tmut           #.......     100%        2    ###....
 Confusing Touch          Hex            #.......     100%        3    ####...
 Conjure Flame            Conj/Fire      #.......     100%        3    ####...
 Dazzling Flash           Conj/Hex       #.....       100%        3    ####...
 Mephitic Cloud           Conj/Pois/Air  #.......     100%        3    ####...
 Spider Form              Tmut/Pois      #.........   100%        3    ####...
 Static Discharge         Conj/Air       #.......     100%        3    ####...
 Tukima's Dance           Hex            #.......     100%        3    ####...
 Cause Fear               Hex            #.........   100%        4    #####..
 Fulminant Prism          Conj/Hex       #.........   100%        4    #####..
 Ice Form                 Ice/Tmut       #.......     100%        4    #####..
 Iskenderun's Mystic Bla  Conj/Tloc      #.......     100%        4    #####..
 Blade Hands              Tmut           #.........   100%        5    ######.
 Lightning Bolt           Conj/Air       #.........   100%        5    ######.
 Silence                  Hex/Air        #.........   100%        5    ######.
 Yara's Violent Unravell  Hex/Tmut       #.........   100%        5    ######.
 Deflect Missiles         Chrm/Air       #.........   100%        6    #######
 Chain Lightning          Conj/Air       #.........   100%        8    #######
 Discord                  Hex            #.........   100%        8    #######
 Ignition                 Fire           #.........   100%        8    #######
 Lehudib's Crystal Spear  Conj/Erth      #.........   100%        8    #######
 Absolute Zero            Ice            #.........   100%        9    #######
 Fire Storm               Conj/Fire      #.........   100%        9    #######
 Shatter                  Erth           #.........   100%        9    #######
 Tornado                  Air            #.........   100%        9    #######


Dungeon Overview and Level Annotations

Branches:
Dungeon (11/15)            Temple (0/1) D:6            Lair (6/6) D:8
 Shoals (0/4) Lair:2       Spider (0/4) Lair:4        Slime (0/5) Lair:5
    Orc (2/2) D:11            Elf (0/3) Orc:2         Sewer (visited)

Altars:
Ashenzari
Dithmenos
Elyvilon
Nemelex Xobeh
Okawaru
Qazlal
Yredelemnul
The Shining One
Jiyva

Shops:
D:5 *   Orc:2 (}

Annotations:
D:4 2 runed translucent doors, Telkir's ghost, amateur MiFi
Lair:3 3 runed translucent doors, Somi's ghost, journeyman MiBe


Innate Abilities, Weirdness & Mutations

You reflexively headbutt those who attack you in melee.
You have a pair of large horns on your head.
You have large cloven feet.


Message History

You are too injured to fight recklessly!
Warning x3: The orc knight can hit for high damage!
The orc sorcerer can cast Paralyse, Summon Demon, Animate Dead, Bolt of Draining!
The orc priest can smite you!
You are too injured to fight recklessly!
Warning x3: The orc knight can hit for high damage!
The orc sorcerer can cast Paralyse, Summon Demon, Animate Dead, Bolt of Draining!
The orc priest can smite you!
Your gold dragon scales prevents you from hitting the orc knight.
You miss something.
The orc priest invokes the aid of Beogh against you.
Beogh smites you!
You take 10 damage, and have 70/135 hp.
You now have 6/18 mp.
Warning x3: The orc knight can hit for high damage!
The orc sorcerer can cast Paralyse, Summon Demon, Animate Dead, Bolt of Draining!
The orc priest can smite you!
You are too injured to fight recklessly!
Warning x3: The orc knight can hit for high damage!
The orc sorcerer can cast Paralyse, Summon Demon, Animate Dead, Bolt of Draining!
The orc priest can smite you!
You are too injured to fight recklessly!
Warning x3: The orc knight can hit for high damage!
The orc sorcerer can cast Paralyse, Summon Demon, Animate Dead, Bolt of Draining!
The orc priest can smite you!
You closely miss the orc knight. Your headbutt misses the orc knight.
You slash something! Okawaru accepts your kill.
Reactivating autopickup.
You feel a bit more experienced.
Warning x3: The orc knight can hit for high damage!
The orc sorcerer can cast Paralyse, Summon Demon, Animate Dead, Bolt of Draining!
The orc priest can smite you!
You are too injured to fight recklessly!
Warning x3: The orc knight can hit for high damage!
The orc sorcerer can cast Paralyse, Summon Demon, Animate Dead, Bolt of Draining!
The orc priest can smite you!
You are too injured to fight recklessly!
Warning x3: The orc knight can hit for high damage!
The orc sorcerer can cast Paralyse, Summon Demon, Animate Dead, Bolt of Draining!
The orc priest can smite you!
Your gold dragon scales prevents you from hitting the orc knight.
You headbutt the orc knight.
The orc knight is lightly wounded.
The orc knight closely misses you.
Warning x3: The orc knight can hit for high damage!
The orc sorcerer can cast Paralyse, Summon Demon, Animate Dead, Bolt of Draining!
The orc priest can smite you!
You are too injured to fight recklessly!
Warning x3: The orc knight can hit for high damage!
The orc sorcerer can cast Paralyse, Summon Demon, Animate Dead, Bolt of Draining!
The orc priest can smite you!
You are too injured to fight recklessly!
Warning x3: The orc knight can hit for high damage!
The orc sorcerer can cast Paralyse, Summon Demon, Animate Dead, Bolt of Draining!
The orc priest can smite you!
You are too injured to fight recklessly!
Warning x3: The orc knight can hit for high damage!
The orc sorcerer can cast Paralyse, Summon Demon, Animate Dead, Bolt of Draining!
The orc priest can smite you!
You are too injured to fight recklessly!
Warning x3: The orc knight can hit for high damage!
The orc sorcerer can cast Paralyse, Summon Demon, Animate Dead, Bolt of Draining!
The orc priest can smite you!
You slash the orc knight! You headbutt the orc knight!
The orc knight is heavily wounded.
You hit the orc wizard.
The orc knight no longer looks unusually strong.
The orc sorcerer gestures at you while chanting.
The bolt of fire hits the orc wizard!
The orc wizard dies!
The bolt of fire hits you. You resist.
The orc priest calls upon Beogh to heal the orc knight.
The orc knight is healed somewhat.
You take 3 damage, and have 67/135 hp.
Warning x3: The orc knight can hit for high damage!
The orc sorcerer can cast Paralyse, Summon Demon, Animate Dead, Bolt of Draining!
The orc priest can smite you!
You are too injured to fight recklessly!
Warning x3: The orc knight can hit for high damage!
The orc sorcerer can cast Paralyse, Summon Demon, Animate Dead, Bolt of Draining!
The orc priest can smite you!
You are too injured to fight recklessly!
Warning x3: The orc knight can hit for high damage!
The orc sorcerer can cast Paralyse, Summon Demon, Animate Dead, Bolt of Draining!
The orc priest can smite you!
You closely miss the orc knight. You headbutt the orc knight!!
The orc knight is severely wounded.
Warning x3: The orc knight can hit for high damage!
The orc sorcerer can cast Paralyse, Summon Demon, Animate Dead, Bolt of Draining!
The orc priest can smite you!
You are too injured to fight recklessly!
Warning x3: The orc knight can hit for high damage!
The orc sorcerer can cast Paralyse, Summon Demon, Animate Dead, Bolt of Draining!
The orc priest can smite you!
You are too injured to fight recklessly!
Warning x3: The orc knight can hit for high damage!
The orc sorcerer can cast Paralyse, Summon Demon, Animate Dead, Bolt of Draining!
The orc priest can smite you!
You hit the orc knight.
The orc knight is almost dead.
Warning x3: The orc knight can hit for high damage!
The orc sorcerer can cast Paralyse, Summon Demon, Animate Dead, Bolt of Draining!
The orc priest can smite you!
You are too injured to fight recklessly!
Warning x3: The orc knight can hit for high damage!
The orc sorcerer can cast Paralyse, Summon Demon, Animate Dead, Bolt of Draining!
The orc priest can smite you!
You are too injured to fight recklessly!
Warning x3: The orc knight can hit for high damage!
The orc sorcerer can cast Paralyse, Summon Demon, Animate Dead, Bolt of Draining!
The orc priest can smite you!
The orc warrior no longer looks unusually strong.
You block the orc priest's attack.
The orc warrior hits you but does no damage.
You block the orc knight's attack.
The orc sorcerer points at you and mumbles some strange words.
You suddenly lose the ability to move!
Found Kaets's Gadget Emporium.
The orc priest looks braver for a moment.
The orc warrior hits you but does no damage.
The orc sorcerer hits you but does no damage.
The orc knight hits you with a +0 broad axe.
The orc priest hits you but does no damage.
The orc sorcerer points at you and mumbles some strange words.
The bolt of negative energy hits you!
You feel drained.
The orc warrior hits you with a +0 battleaxe.
The orc priest hits you but does no damage.
The orc knight roars a battlecry!
The orc warrior goes into a battle-frenzy!
The orc sorcerer gestures at you while chanting.
The bolt of negative energy hits you!
You feel drained.
* * * LOW HITPOINT WARNING * * *
You feel like a meek peon again. The orc priest hits you.
* * * LOW HITPOINT WARNING * * *
The orc warrior hits you with a +0 battleaxe!!
* * * LOW HITPOINT WARNING * * *
The orc knight hits you with a +0 broad axe.
* * * LOW HITPOINT WARNING * * *
The orc sorcerer hits you but does no damage.
The orc priest hits you but does no damage.
The orc warrior hits you but does no damage.
The orc knight hits you with a +0 broad axe!
You die...

........# ........#
###### ........#
##..))##### ........#
##..##)....## ........#
#..##)).....#
.......####.##.))##.#.∩#
........##..##).##..#..#
........##.##.))#o...#
........##.##.)o@o...#
........##.##...o.....#
........##.#####......#
........................
........##.#####......#.
........##.# .......#
........##.# ......#..
........##.# .#....#.∩
........##..


You could see an orc knight, an orc sorcerer, an orc warrior and an orc priest.

Vanquished Creatures
  Donald (Orc:2)
  4 entropy weavers (Lair:3)
  Snorg (D:11)
  Fannar (D:9)
  An ice dragon (Lair:1)
  Erolcha (Orc:1)
  3 hydras
  A catoblepas (Lair:6)
  3 ghost crabs (Lair:3)
  2 two-headed ogres (D:11)
  Urug (Orc:1)
  3 orc high priests (Orc:2)
  Nergalle (D:11)
  5 fire crabs (Lair:3)
  3 orc knights (Orc:2)
  3 ugly things (D:11)
  3 orc sorcerers (Orc:2)
  A manticore (D:11)
  6 elephants (Lair:4)
  A cyclops (Orc:2)
  A centaur zombie (D:10)
  2 black mambas
  An apocalypse crab (Lair:3)
  Psyche (D:11)
  21 spiny frogs
  3 torpor snails
  8 komodo dragons
  2 trolls
  2 jumping spiders (Lair:4)
  3 tyrant leeches (Lair:6)
  28 blink frogs
  A polar bear (Lair:6)
  8 hippogriffs
  Grinder (D:6)
  10 dream sheep
  4 redbacks (Lair:4)
  A spriggan (D:7)
  A vampire (D:5)
  2 wraiths
  21 yaks
  2 wyverns (Lair:5)
  2 basilisks (Lair:1)
  2 hungry ghosts
  A fire elemental (Lair:3)
  Grum (D:9)
  Eustachio (D:6)
  6 vampire mosquitoes (Lair:6)
  3 wargs (Orc:2)
  Menkaure (D:6)
  A steam dragon (Lair:6)
  15 water moccasins
  A sky beast (D:11)
  11 porcupines
  A black bear (D:6)
  18 orc warriors
  An ice beast (D:7)
  An ogre (D:8)
  10 centaurs
  4 phantoms
  20 wolves
  11 crocodiles
  24 bullfrogs
  A wyvern skeleton (D:9)
  4 scorpions
  3 troll zombies (D:11)
  A killer bee (Lair:6)
  4 wights (D:11)
  5 crimson imps
  5 hounds
  A centaur skeleton (D:10)
  An iron imp (D:6)
  3 jellies (D:10)
  16 orc priests
  Crazy Yiuf (D:4)
  A bullfrog skeleton (D:6)
  3 iguanas
  26 orc wizards
  7 worker ants
  4 hell rats
  5 ogre zombies (D:11)
  A hound skeleton (D:7)
  A howler monkey zombie (D:8)
  2 worker ant zombies
  14 river rats
  14 adders
  A shadow imp (D:9)
  An adder skeleton (D:4)
  2 worms
  A dart slug (D:2)
  5 leopard geckos
  49 orcs
  7 ball pythons
  8 giant cockroaches
  12 goblins
  3 hobgoblins
  11 jackals
  3 kobolds
  4 quokkas
  5 bats
  13 frilled lizards
  A giant cockroach zombie (D:6)
  2 goblin skeletons
  4 goblin zombies (D:11)
  2 hobgoblin skeletons (D:11)
  6 hobgoblin zombies
  A jackal zombie (D:8)
  2 kobold zombies (D:6)
  A leopard gecko skeleton (D:4)
  A leopard gecko zombie (D:6)
  18 orc zombies
  16 rats
  7 fungi
  A plant (Lair:4)
613 creatures vanquished.

Vanquished Creatures (others)
  Maurice (D:10)
  A porcupine (Lair:1)
  An orc wizard (Orc:2)
  10 fungi
  35 plants (Lair:6)
48 creatures vanquished.

Grand Total: 661 creatures vanquished

Notes
Turn   | Place    | Note
-------+----------+-------------------------------------------
     0 | D:1      | Mgcat the Minotaur Wanderer began the quest for the Orb.
     0 | D:1      | Mgcat set off with the following items: a +2 falchion, a
                  | potion of curing, a scroll of teleportation, a +0 robe, a
                  | +0 dagger, a ration
     0 | D:1      | Reached XP level 1. HP: 18/18 MP: 0/0
   110 | D:1      | Reached XP level 2. HP: 25/25 MP: 1/1
   114 | D:1      | Reached skill level 3 in Fighting
   336 | D:1      | Reached skill level 2 in Dodging
   835 | D:2      | Reached XP level 3. HP: 19/31 MP: 2/2
  1115 | D:2      | Found an iron altar of Okawaru,
  1132 | D:2      | Became a worshipper of Warmaster Okawaru
  1324 | D:2      | Found a white marble altar of Elyvilon,
  1806 | D:2      | Reached skill level 1 in Armour
  1806 | D:2      | Reached XP level 4. HP: 35/40 MP: 3/3
  2329 | D:3      | Found a stormy altar of Qazlal,
  2338 | D:3      | Reached skill level 1 in Invocations
  2772 | D:4      | Reached skill level 3 in Dodging
  2821 | D:4      | Reached skill level 4 in Fighting
  2830 | D:4      | Found a glowing drain,
  2852 | Sewer    | Entered a sewer
  3247 | D:4      | Reached skill level 2 in Armour
  3247 | D:4      | Reached XP level 5. HP: 37/46 MP: 5/5
  3396 | D:4      | Reached skill level 2 in Invocations
  3578 | D:4      | Found a large runed translucent door,
  3578 | D:4      | Found a large runed translucent door,
  3582 | D:4      | Noticed Telkir's ghost (amateur MiFi)
  3653 | D:4      | You fall into a shaft and drop 2 floors!
  3669 | D:6      | Found a glowing golden altar of the Shining One,
  3670 | D:6      | Noticed a centaur
  3678 | D:6      | Killed a centaur
  3678 | D:6      | Reached * piety under Okawaru
  3678 | D:6      | Reached skill level 5 in Fighting
  3678 | D:6      | Reached skill level 3 in Armour
  3678 | D:6      | Reached XP level 6. HP: 56/56 MP: 5/7
  3758 | D:6      | Noticed an orc warrior
  3775 | D:6      | Killed an orc warrior
  3775 | D:6      | Reached skill level 3 in Invocations
  3779 | D:6      | Reached skill level 4 in Armour
  3895 | D:6      | Noticed Menkaure
  3914 | D:6      | Reached XP level 7. HP: 37/62 MP: 5/8
  3917 | D:6      | Killed Menkaure
  3917 | D:6      | Reached skill level 6 in Fighting
  4055 | D:6      | Found a staircase to the Ecumenical Temple,
  4083 | D:5      | Entered Level 5 of the Dungeon
  4083 | D:5      | Noticed a vampire
  4086 | D:5      | Killed a vampire
  4086 | D:5      | Reached ** piety under Okawaru
  4086 | D:5      | Reached skill level 5 in Armour
  4086 | D:5      | Reached skill level 4 in Invocations
  4269 | D:5      | Reached XP level 8. HP: 71/71 MP: 10/10
  4533 | D:5      | Reached skill level 7 in Fighting
  4606 | D:5      | Reached skill level 5 in Invocations
  4723 | D:4      | Reached skill level 6 in Armour
  4826 | D:4      | Found a sparkling altar of Nemelex Xobeh,
  4972 | D:4      | Found a runed translucent door,
  4973 | D:4      | Noticed Crazy Yiuf
  5072 | D:4      | Killed Crazy Yiuf
  5174 | D:5      | Reached *** piety under Okawaru
  5227 | D:5      | Found a shadowy altar of Dithmenos,
  5246 | D:5      | Found Jeigy's Lightly-Used Armoury,
  6218 | D:5      | Reached skill level 1 in Axes
  6388 | D:6      | Reached skill level 2 in Axes
  6509 | D:6      | Reached skill level 8 in Fighting
  6547 | D:6      | Noticed Grinder
  6567 | D:6      | Killed Grinder
  6567 | D:6      | Reached skill level 3 in Axes
  6567 | D:6      | Reached skill level 2 in Evocations
  6591 | D:6      | Noticed Eustachio
  6678 | D:6      | Found a shattered altar of Ashenzari,
  6815 | D:6      | Reached skill level 4 in Axes
  7025 | D:6      | Killed Eustachio
  7025 | D:6      | Reached **** piety under Okawaru
  7025 | D:6      | Reached XP level 9. HP: 76/82 MP: 8/11
  7311 | D:7      | Reached skill level 5 in Axes
  7434 | D:7      | Reached skill level 3 in Evocations
  7488 | D:7      | Reached skill level 6 in Axes
  7552 | D:7      | Reached skill level 9 in Fighting
  7816 | D:7      | Found a basalt altar of Yredelemnul,
  8172 | D:8      | Reached skill level 7 in Axes
  8352 | D:8      | Found a staircase to the Lair,
  8508 | D:8      | Reached skill level 8 in Axes
  9101 | D:9      | Noticed Grum
  9109 | D:9      | Reached ***** piety under Okawaru
  9109 | D:9      | Reached skill level 10 in Fighting
  9112 | D:9      | Reached skill level 9 in Axes
  9127 | D:9      | Killed Grum
  9127 | D:9      | Reached XP level 10. HP: 55/93 MP: 10/12
  9685 | D:9      | Reached skill level 10 in Axes
 10116 | D:10     | Entered Level 10 of the Dungeon
 10133 | D:10     | Noticed Fannar
 10176 | D:9      | Killed Fannar
 10176 | D:9      | Reached skill level 1 in Throwing
 10205 | D:10     | Reached skill level 11 in Axes
 10225 | D:10     | Noticed Maurice
 10232 | D:10     | Killed Maurice
 10297 | D:10     | Reached skill level 11 in Fighting
 10297 | D:10     | Reached skill level 2 in Throwing
 11078 | D:11     | Noticed Snorg
 11089 | D:11     | Killed Snorg
 11089 | D:11     | Reached skill level 3 in Throwing
 11142 | D:11     | Noticed a manticore
 11155 | D:11     | Killed a manticore
 11155 | D:11     | Reached skill level 12 in Axes
 11155 | D:11     | Reached XP level 11. HP: 82/102 MP: 10/13
 11184 | D:11     | Found a staircase to the Orcish Mines,
 11441 | D:11     | Noticed Psyche
 11441 | D:11     | Noticed a purple ugly thing
 11455 | D:11     | Killed a purple ugly thing
 11455 | D:11     | Received a gift from Okawaru
 11455 | D:11     | Reached skill level 4 in Throwing
 11462 | D:11     | Killed Psyche
 11510 | D:11     | Noticed a purple ugly thing
 11522 | D:11     | Killed a purple ugly thing
 11710 | D:11     | Noticed Nergalle
 11721 | D:11     | Killed Nergalle
 11832 | D:11     | Reached skill level 12 in Fighting
 11833 | D:11     | Reached skill level 13 in Axes
 11835 | D:11     | Noticed a two-headed ogre
 11842 | D:11     | Killed a two-headed ogre
 11847 | D:11     | Reached skill level 5 in Throwing
 11911 | D:11     | Noticed a cyan ugly thing
 11922 | D:11     | Killed a cyan ugly thing
 12112 | D:11     | Noticed a two-headed ogre
 12119 | D:11     | Killed a two-headed ogre
 12300 | Lair:1   | Entered Level 1 of the Lair of Beasts
 12668 | Lair:1   | Reached skill level 14 in Axes
 12673 | Lair:1   | Reached skill level 6 in Throwing
 12678 | Lair:1   | HP: 21/105 [komodo dragon (25)]
 12679 | Lair:1   | HP: 2/105 [komodo dragon (20)]
 12699 | Lair:1   | Reached XP level 12. HP: 44/113 MP: 14/14
 13019 | Lair:1   | Noticed an ice dragon
 13039 | Lair:1   | Killed an ice dragon
 13617 | Lair:1   | Gained mutation: You have a pair of large horns on your
                  | head. [potion of mutation]
 13617 | Lair:1   | Gained mutation: You have large cloven feet. [potion of
                  | mutation]
 13659 | Lair:2   | Received a gift from Okawaru
 13660 | Lair:2   | Found the +15 Maxwell's patent armour {-Cast -Tele rElec
                  | MR+ rCorr}
 13700 | Lair:2   | Reached skill level 1 in Shields
 13725 | Lair:2   | Noticed a seven-headed hydra
 13739 | Lair:2   | Killed a two-headed hydra
 13739 | Lair:2   | Reached skill level 13 in Fighting
 13739 | Lair:2   | Reached skill level 2 in Shields
 13871 | Lair:2   | Found a staircase to the Shoals,
 13934 | Lair:2   | Reached skill level 15 in Axes
 13944 | Lair:2   | Reached skill level 7 in Throwing
 13944 | Lair:2   | Reached skill level 3 in Shields
 14988 | Lair:3   | Reached ****** piety under Okawaru
 14988 | Lair:3   | Reached skill level 4 in Shields
 15171 | Lair:3   | Found a runed translucent door,
 15226 | Lair:3   | Found a runed translucent gate,
 15228 | Lair:3   | Found a runed translucent gate,
 15229 | Lair:3   | Found a runed translucent gate,
 15236 | Lair:3   | Noticed Somi's ghost (journeyman MiBe)
 15699 | Lair:4   | Received a gift from Okawaru
 15828 | Lair:4   | Reached XP level 13. HP: 107/123 MP: 15/15
 15833 | Lair:4   | Reached skill level 16 in Axes
 15840 | Lair:4   | Reached skill level 8 in Throwing
 16195 | Lair:4   | Found a hole to the Spider Nest,
 16299 | Lair:4   | Reached skill level 14 in Fighting
 16667 | Lair:4   | Received a gift from Okawaru
 17023 | Lair:5   | Found a viscous altar of Jiyva,
 17024 | Lair:5   | Found a staircase to the Slime Pits,
 17607 | Lair:6   | Entered Level 6 of the Lair of Beasts
 17645 | Lair:6   | Reached skill level 17 in Axes
 17671 | Lair:6   | Reached skill level 9 in Throwing
 17756 | Lair:6   | Received a gift from Okawaru
 17855 | Lair:6   | Received a gift from Okawaru
 17856 | Lair:6   | Got a dazzling plate armour {god gift}
 18051 | Lair:5   | Identified the +10 plate armour of Orthodoxy {rC+ Stlth+}
                  | (Okawaru gifted it to you on level 6 of the Lair of Beasts)
 18231 | D:5      | Bought -3 gold dragon scales for 845 gold pieces
 18496 | Lair:3   | Noticed an entropy weaver
 18512 | Lair:3   | Killed an entropy weaver
 18648 | Lair:3   | Reached skill level 7 in Armour
 18814 | Lair:3   | Noticed an entropy weaver
 18836 | Lair:3   | Killed an entropy weaver
 18959 | Lair:3   | Noticed an entropy weaver
 18967 | Lair:3   | Killed an entropy weaver
 18967 | Lair:3   | Reached skill level 5 in Shields
 18967 | Lair:3   | Reached XP level 14. HP: 118/133 MP: 17/17
 19419 | Lair:3   | Noticed an entropy weaver
 19433 | Lair:3   | Killed an entropy weaver
 19646 | Lair:3   | Got a bloodstained broad axe
 19647 | Lair:3   | Identified the +7 broad axe of Hell's Wrath {vorpal, rC+}
                  | (You found it on level 3 of the Lair of Beasts)
 20120 | Lair:6   | Reached skill level 6 in Invocations
 20352 | Lair:6   | Reached skill level 15 in Fighting
 20394 | Lair:6   | Received a gift from Okawaru
 20394 | Lair:6   | Reached skill level 6 in Shields
 20491 | Lair:6   | Reached skill level 18 in Axes
 20500 | Lair:6   | Reached skill level 8 in Armour
 20602 | Lair:6   | Received a gift from Okawaru
 21491 | Orc:1    | Entered Level 1 of the Orcish Mines
 21600 | Orc:2    | Entered Level 2 of the Orcish Mines
 21858 | Orc:2    | Found a staircase to the Elven Halls,
 21983 | Orc:2    | Noticed Donald
 22014 | Orc:2    | Killed Donald
 22014 | Orc:2    | Reached skill level 10 in Throwing
 22014 | Orc:2    | Reached skill level 7 in Shields
 22292 | Orc:1    | Noticed Urug
 22310 | Orc:1    | Killed Urug
 22622 | Orc:1    | Noticed Erolcha
 22627 | Orc:1    | Killed Erolcha
 22791 | Orc:2    | Found Uchus's Weapon Shop,
 22825 | Orc:2    | Reached skill level 8 in Shields
 22846 | Orc:2    | Found Kaets's Gadget Emporium,
 22846 | Orc:2    | Paralysed by an orc sorcerer for 6 turns
 22850 | Orc:2    | HP: 33/135 [orc priest (5)]
 22850 | Orc:2    | HP: 15/135 [orc warrior/+0 battleaxe (18)]
 22851 | Orc:2    | Slain by an orc knight

Levels and vault maps discovered:
D:1:      psy_arrival_fountain, layout_basic, st_stairs_5, nrook_loot_triangle,
          minmay_misc_feat_five
D:2:      layout_basic, okawaru_gym_becter, elyvilon_altar_3
D:3:      layout_basic, grunt_qazlal_sundering, first_ration
D:4:      layout_loops_corners, nemelex_xobeh_ov_fountains_minmay,
          portal_sewer_entry_b, ebering_ghost_disaster_area,
          uniq_crazy_yiuf_cottage
D:5:      minmay_general_purpose_star, layout_layer_cave, minmay_shop_damaged,
          nicolae_dithmenos_shadow_blocks
D:6:      layout_basic, nicolae_tso_besieged_by_evil, ashenzari_altar_1,
          minmay_temple_entry_offerings, uniq_menkaure, uniq_grinder,
          uniq_eustachio
D:7:      layout_loops_ring, kennysheep_little_box, the_bakery
D:8:      layout_loops_ring, lair_entry_dummy, nicolae_straight_to_the_point
D:9:      layout_rooms, uniq_grum
D:10:     layout_small_grid, uniq_fannar, uniq_maurice
D:11:     layout_loops_ring, zombieorc2_lemuel, minmay_circle_x, uniq_snorg,
          uniq_psyche, uniq_nergalle
Lair:1:   dragon1_lemuel, layout_concentric_octagons, minivault_23,
          kennysheep_abandoned_house, grunt_megastairs_5, lemuel_fruit_fields
Lair:2:   layout_gridlike, minmay_shoals_entry_centaurs, grunt_megastairs_2
Lair:3:   gammafunk_mikee_crab_dinner, layout_gridlike, gammafunk_ghost_split,
          serial_bayou_pond_d, chequers_serial_rivers_micro_e, st_stairs_7,
          lemuel_fruit_tree
Lair:4:   layout_gridlike, nicolae_spider_entry_tight_spaces,
          kennysheep_rathole, grunt_megastairs_4
Lair:5:   layout_roguey, slime_altar_1
Lair:6:   minmay_lair_end_frog_pond, layout_cave_pods
Orc:1:    layout_caves, nicolae_orc_flooded_monolith, uniq_urug, uniq_erolcha
Orc:2:    st_orc_elflike, layout_diamond_mine, uniq_donald

Skill      XL: |  1  2  3  4  5  6  7  8  9 10 11 12 13 14 |
---------------+-------------------------------------------+-----
Fighting       | 3 4 5 6 8 10 11 12 13 14 15 | 15.3
Dodging        | 2 3 |  3.0
Armour         | 1 2 3 4 5 6 7 8 |  8.7
Invocations    | 1 2 3 4 5 6 |  6.9
Axes           | 4 9 12 14 15 17 18 | 18.4
Evocations     | 2 3 |  3.1
Throwing       | 3 6 7 9 10 | 10.2
Shields        | 4 5 8 |  8.1
Long Blades    | |  2.4
Maces & Flails | |  2.4
Stealth        | |  1.5

Action                   |  1- 3 |  4- 6 |  7- 9 | 10-12 | 13-15 || total
-------------------------+-------+-------+-------+-------+-------++-------
Melee: Falchion          |    92 |   110 |    96 |       |       ||   298
       Headbutt          |     7 |    22 |    64 |   142 |   140 ||   375
       War axe           |       |       |   260 |   712 |   349 ||  1321
       Punch             |       |       |       |     3 |       ||     3
       Broad axe         |       |       |       |       |   284 ||   284
Throw: Boomerang         |       |       |       |    10 |    22 ||    32
Invok: Heroism           |       |     1 |     4 |    20 |    17 ||    42
       Finesse           |       |       |       |     1 |     2 ||     3
Evoke: Wand              |       |     5 |     5 |     9 |     5 ||    24
  Use: Potion            |     2 |     1 |       |     7 |       ||    10
       Scroll            |       |    11 |    11 |     6 |     9 ||    37
 Stab: Confused          |       |       |       |     2 |       ||     2
       Invisible         |       |       |       |     1 |       ||     1
       Petrifying        |       |       |       |       |     1 ||     1
  Eat: Chunk             |     3 |     7 |    21 |    20 |    11 ||    62
       Ration            |       |       |       |     1 |     3 ||     4
Armor: Robe              |     3 |       |       |       |       ||     3
       Leather armour    |    11 |       |       |       |       ||    11
       Scale mail        |    15 |     1 |       |       |       ||    16
       Skin              |    11 |       |       |     2 |       ||    13
       Ring mail         |       |    35 |    70 |       |       ||   105
       Plate armour      |       |       |   158 |   381 |   115 ||   654
       Gold dragon scale |       |       |       |       |   224 ||   224
Dodge: Dodged            |    46 |    81 |   165 |   178 |   140 ||   610
Block: Buckler           |       |       |       |    52 |   106 ||   158
       Kite shield       |       |       |       |       |    34 ||    34
       Rpst.: Falchion   |    17 |    21 |    18 |       |       ||    56

Table legend:
 A = Non-vault XP
 B = Vault XP
 C = Vault XP percentage of total XP
 D = Non-vault monster count
 E = Vault monster count
 F = Vault count percentage of total count
                 A         B        C        D         E       F
            +---------+---------+-------+---------+---------+-------
      Total |   48475 |   47050 |  49.3 |     394 |     213 |  35.1
            +---------+---------+-------+---------+---------+-------
        D:1 |      24 |       5 |  17.2 |      16 |       3 |  15.8
        D:2 |      72 |       0 |   0.0 |      21 |       0 |   0.0
        D:3 |      20 |       0 |   0.0 |       6 |       0 |   0.0
        D:4 |     269 |      75 |  21.8 |      18 |       8 |  30.8
        D:5 |     908 |       0 |   0.0 |      31 |       0 |   0.0
        D:6 |     835 |     658 |  44.1 |      21 |      13 |  38.2
        D:7 |     715 |     224 |  23.9 |       9 |       1 |  10.0
        D:8 |     859 |       0 |   0.0 |      24 |       0 |   0.0
        D:9 |    1922 |    1541 |  44.5 |      27 |       5 |  15.6
       D:10 |    1394 |     186 |  11.8 |      20 |       1 |   4.8
       D:11 |    3725 |    4415 |  54.2 |      14 |      43 |  75.4
     Lair:1 |    4556 |    1421 |  23.8 |      26 |      16 |  38.1
     Lair:2 |    7159 |     870 |  10.8 |      27 |       5 |  15.6
     Lair:3 |    1623 |   13106 |  89.0 |       7 |      14 |  66.7
     Lair:4 |    9574 |    1947 |  16.9 |      40 |      19 |  32.2
     Lair:5 |    4413 |       0 |   0.0 |      20 |       0 |   0.0
     Lair:6 |    7337 |   11795 |  61.7 |      24 |      48 |  66.7
      Orc:1 |    1762 |    1821 |  50.8 |      30 |       2 |   6.2
      Orc:2 |    1308 |    8948 |  87.2 |      13 |      22 |  62.9
      Sewer |       0 |      38 | 100.0 |       0 |      13 | 100.0
            +---------+---------+-------+---------+---------+-------

Levels and vault maps discovered:
D:1:      psy_arrival_fountain, layout_basic, st_stairs_5, nrook_loot_triangle,
          minmay_misc_feat_five
D:2:      layout_basic, okawaru_gym_becter, elyvilon_altar_3
D:3:      layout_basic, grunt_qazlal_sundering, first_ration
D:4:      layout_loops_corners, nemelex_xobeh_ov_fountains_minmay,
          portal_sewer_entry_b, ebering_ghost_disaster_area,
          uniq_crazy_yiuf_cottage
D:5:      minmay_general_purpose_star, layout_layer_cave, minmay_shop_damaged,
          nicolae_dithmenos_shadow_blocks
D:6:      layout_basic, nicolae_tso_besieged_by_evil, ashenzari_altar_1,
          minmay_temple_entry_offerings, uniq_menkaure, uniq_grinder,
          uniq_eustachio
D:7:      layout_loops_ring, kennysheep_little_box, the_bakery
D:8:      layout_loops_ring, lair_entry_dummy, nicolae_straight_to_the_point
D:9:      layout_rooms, uniq_grum
D:10:     layout_small_grid, uniq_fannar, uniq_maurice
D:11:     layout_loops_ring, zombieorc2_lemuel, minmay_circle_x, uniq_snorg,
          uniq_psyche, uniq_nergalle
Lair:1:   dragon1_lemuel, layout_concentric_octagons, minivault_23,
          kennysheep_abandoned_house, grunt_megastairs_5, lemuel_fruit_fields
Lair:2:   layout_gridlike, minmay_shoals_entry_centaurs, grunt_megastairs_2
Lair:3:   gammafunk_mikee_crab_dinner, layout_gridlike, gammafunk_ghost_split,
          serial_bayou_pond_d, chequers_serial_rivers_micro_e, st_stairs_7,
          lemuel_fruit_tree
Lair:4:   layout_gridlike, nicolae_spider_entry_tight_spaces,
          kennysheep_rathole, grunt_megastairs_4
Lair:5:   layout_roguey, slime_altar_1
Lair:6:   minmay_lair_end_frog_pond, layout_cave_pods
Orc:1:    layout_caves, nicolae_orc_flooded_monolith, uniq_urug, uniq_erolcha
Orc:2:    st_orc_elflike, layout_diamond_mine, uniq_donald

Table legend:
 A = Turns spent in this place as a percentage of turns spent in the entire game.
 B = Non-inter-level travel turns spent in this place as a percentage of non-inter-level travel turns spent in the entire game.
 C = Inter-level travel turns spent in this place as a percentage of turns spent in this place.
 D = Turns resting spent in this place as a percentage of non-inter-level travel turns spent in this place.
 E = Turns spent auto-exploring this place as a percentage of non-inter-level travel turns spent in this place.
 F = Non-inter-level travel turns spent in this place divided by the number of levels of this place that you've seen.
                   A       B       C       D       E      F
               +-------+-------+-------+-------+-------+----------------------
         Total | 100.0 | 100.0 |   7.3 |  22.5 |  56.8 | 1058.9
       Dungeon |  53.3 |  53.1 |   7.6 |  20.6 |  60.2 | 1022.3
          Lair |  39.1 |  38.9 |   7.9 |  26.3 |  52.0 | 1371.8
  Orcish Mines |   6.0 |   6.2 |   2.8 |  15.8 |  60.0 | 661.0
         Sewer |   1.7 |   1.8 |   0.0 |  20.2 |  50.7 | 381.0
               +-------+-------+-------+-------+-------+----------------------

Table legend:
 A = Kills in this place as a percentage of kills in entire the game.
 B = Kills by you in this place as a percentage of kills by you in the entire game.
 C = Kills by friends in this place as a percentage of kills by friends in the entire game.
 D = Other kills in this place as a percentage of other kills in the entire game.
 E = Experience gained in this place as a percentage of experience gained in the entire game.
 F = Experience gained in this place divided by the number of levels of this place that you have seen.
                   A       B       C       D       E      F
               +-------+-------+-------+-------+-------+----------------------
         Total | 100.0 | 100.0 |   N/A | 100.0 | 100.0 | 4776.2
       Dungeon |  46.3 |  46.4 |   N/A |  25.0 |  18.7 | 1622.5
          Lair |  40.5 |  40.5 |   N/A |  50.0 |  66.8 | 10633.5
  Orcish Mines |  11.0 |  10.9 |   N/A |  25.0 |  14.5 | 6919.5
         Sewer |   2.1 |   2.2 |   N/A |   0.0 |   0.0 |  38.0
               +-------+-------+-------+-------+-------+----------------------
